 Dungeon Crawl Stone Soup version 0.31-a0-988-g08d55dae12 (webtiles) character file.

Game seed: 1761973622781784751

10079 peepee the Protected (level 11, 0/49 (53) HPs)
             Began as a Vine Stalker Reaver on Nov 4, 2023.
             Was an Elder of Qazlal.
             Slain by a spectral orc warrior
             ... wielding a +0 glaive
             ... summoned by Nergalle
              (5 damage)
             ... on level 11 of the Dungeon.
             The game lasted 00:45:12 (10732 turns).

peepee the Protected (Vine Stalker Reaver)         Turns: 10732, Time: 00:45:12

HP:   0/49 (53)     AC: 18    Str: 16    XL:     11   Next: 56%
MP:   0/24          EV:  8    Int: 17    God:    Qazlal [****..]
Gold: 292           SH:  5    Dex: 18    Spells: 17/26 levels left

rFire   . . .        P - +1 short sword (venom)
rCold   . . .        (no shield)
rNeg    . . .        m - +7 chain mail "Humereer" {Rampage Slay+2}
rPois   .            A - +0 hat of Lies {SInv}
rElec   .            (no cloak)
rCorr   .            (no gloves)
SInv    +            (no boots)
Will    ++...        (no amulet) Stlth
                     M - ring of willpower
HPRegen 1.08/turn    r - +6 ring of dexterity
MPRegen 0.19/turn

%: repel missiles, guardian spirit, rampage
@: drained
A: fangs 3, regeneration 1, magic shield, antimagic bite, no potion heal 2
a: Renounce Religion, Upheaval, Elemental Force


You were on level 11 of the Dungeon.
You worshipped Qazlal.
Qazlal was greatly pleased with you.
You visited 1 branch of the dungeon, and saw 11 of its levels.
You also visited: Ossuary.

You collected 642 gold pieces.
You spent 350 gold pieces at shops.

Inventory:

Hand Weapons
 a - a +0 hand axe
 c - a +0 dagger
 j - a +3 dagger
 w - a -2 demon whip of venom
 L - a +2 trident of flaming
 P - a +1 short sword of venom (weapon)
 Q - a +3 whip
Missiles
 q - 6 throwing nets
 u - 3 silver javelins (quivered)
Armour
 b - a +1 leather armour
 m - the +7 chain mail "Humereer" (worn) {Rampage Slay+2}
   (You found it on level 2 of the Dungeon)

   Slay+2:    It affects your accuracy & damage with ranged weapons and melee
   (+2).
   Rampage:   It bestows one free step when moving towards enemies.
 A - the +0 hat of Lies (worn) {SInv}
   (You found it on level 5 of the Dungeon)

   SInv:      It lets you see invisible.
 S - an orb of energy
 V - +0 acid dragon scales
 X - a +2 scale mail of cold resistance
Jewellery
 r - a +6 ring of dexterity (right hand)
 v - a ring of flight
 K - an amulet of reflection
 M - a ring of willpower (left hand)
 U - an amulet of regeneration
Wands
 h - a wand of polymorph (7)
 i - a wand of flame (22)
 s - a wand of digging (5)
 x - a wand of paralysis (20)
 R - a wand of light (7)
Scrolls
 d - 2 scrolls of poison
 g - 3 scrolls of enchant armour
 k - 2 scrolls of blinking
 l - a scroll of enchant weapon {unknown}
 n - a scroll of revelation {unknown}
 o - 2 scrolls of teleportation
 y - 3 scrolls of amnesia
 B - a scroll of silence {unknown}
 D - 4 scrolls of fog
 G - 2 scrolls of noise
 O - 2 scrolls of fear {unknown}
 Z - a scroll of identify
Potions
 e - 6 potions of curing
 f - 2 potions of attraction
 p - 3 potions of heal wounds {unknown}
 t - 2 potions of might {unknown}
 z - 3 potions of brilliance {unknown}
 C - 2 potions of degeneration {unknown}
 E - 2 potions of mutation {unknown}
 F - 3 potions of haste {unknown}
 H - 2 potions of berserk rage {unknown}
 I - 2 potions of cancellation {unknown}
 J - a potion of magic {unknown}
 N - 3 potions of ambrosia {unknown}
 T - a potion of enlightenment {unknown}
 W - a potion of invisibility {unknown}
Miscellaneous
 Y - a condenser vane (inert)


   Skills:
 - Level 4.0 Fighting
 - Level 3.0 Short Blades
 - Level 2.8 Axes
 - Level 10.0 Armour
 - Level 1.7 Dodging
 - Level 5.0 Stealth
 - Level 8.0 Spellcasting
 + Level 6.7 Conjurations
 - Level 6.3 Invocations


You had 17 spell levels left.
You knew the following spells:

 Your Spells              Type           Power      Damage    Failure   Level
a - Kiss of Death         Conj/Necr      72%        2d10      21%         1
b - Momentum Strike       Conj/Tloc      36%        3d9       30%         2
c - Hailstorm             Conj/Ice       18%        3d6       52%         3
d - Mephitic Cloud        Conj/Pois/Air  14%        N/A       67%         3

Your spell library contained the following spells:

 Spells                   Type           Power      Damage    Failure   Level
 Magic Dart               Conj           100%       1d8       4%          1
 Call Imp                 Summ           12%        N/A       77%         2


Dungeon Overview and Level Annotations

Branches:
Dungeon (11/15)            Temple (0/1) D:6            Lair (0/5) D:9
Ossuary (visited)
    Orc: D:9-12

Altars:
Dithmenos
Elyvilon
Kikubaaqudgha
Qazlal
Yredelemnul
Zin
The Shining One

Shops:
D:4 :   D:7 =   D:9 (*

Annotations:
D:2 1 runed translucent door, Crazy Yiuf
D:3 1 transporter, semem's ghost, amateur NaMo
D:5 2 transporters, Zlot's ghost, novice DsSh
D:11 3 transporters, Fannar; Nergalle


Innate Abilities, Weirdness & Mutations

You have razor-sharp teeth.
Your natural rate of healing is unusually fast.
When hurt, damage is shared between your health and your magic reserves.
Your bite disrupts and absorbs the magic of your enemies.
Potions cannot restore your health.


Message History

The spectral orc warrior is moderately damaged.
The red ugly thing barely misses you. You block the spectral orc's attack.
The spectral orc warrior is engulfed in freezing vapours.
The spectral orc warrior hits you from afar with a +0 glaive!
You feel drained.
You block the spectral orc warrior's attack.
Nergalle casts a spell at you.
Orcish apparitions take form around you.
As you read the scroll of teleportation, it crumbles to dust.
You feel strangely unstable.
The red ugly thing trunk-slaps you but does no damage.
The spectral orc warrior hits you from afar with a +2 halberd.
You feel drained.
The spectral orc warrior closely misses you.
The spectral orc hits you but does no damage.
The spectral orc warrior closely misses you.
The spectral orc warrior is engulfed in freezing vapours.
The spectral orc warrior hits you from afar with a +0 glaive.
Nergalle points at you and mumbles some strange words.
Orcish apparitions take form around you.
As you read the scroll of teleportation, it crumbles to dust.
You feel strangely stable. You block the red ugly thing's attack.
The spectral orc warrior misses you.
You block the spectral orc warrior's attack.
The spectral orc closely misses you.
The spectral orc warrior is engulfed in freezing vapours.
The spectral orc warrior barely misses you.
The spectral orc warrior hits you with a +0 war axe!
* * * LOW HITPOINT WARNING * * *
Fannar the Cold-Hearted comes into view.
They are wielding a staff of cold and wearing a +1 robe of cold resistance.
Clouds condense from the air!
The condenser dries out!
The red ugly thing trunk-slaps you but does no damage.
The spectral orc warrior hits you but does no damage.
The spectral orc warrior hits you with a +0 battleaxe!
* * * LOW HITPOINT WARNING * * *
You feel drained.
* * * LOW HITPOINT WARNING * * *
The spectral orc warrior is engulfed in freezing vapours.
The spectral orc warrior hits you from afar with a +0 glaive!
You die...

.. ## #e .# ######§ .#
...(... .# .......###<#
###### .....§§#Z..##
#..... ......o#ZZ§.#
#...
.....Zu@ZZ§.#########...
########Z§.....8#8......
#...##.....#.....##
##.### ....©#©....##
#..# .....#.....# #.##
8.©.8#8.©.8# #.#
############ #.#
8.©.8#8)©.8# #.#
.....#..)..#


You could see Fannar, a red ugly thing (very poisoned), Nergalle, 2 spectral
orcs, 4 spectral orc warriors and a spectral orc knight (summoned).

Vanquished Creatures
  A catoblepas (D:11)
  Harold (D:11)
  Amaemon (D:8)
  An elephant (D:9)
  Joseph (D:8)
  An orange demon (D:8)
  2 unseen horror zombies (D:9)
  Jeremiah (D:8)
  A troll (D:8)
  Grinder (D:5)
  A hornet (D:8)
  A shadow (D:9)
  8 yaks (D:9)
  A wyvern (D:8)
  2 basilisks
  2 steam dragons
  A water moccasin (D:7)
  2 acid dragons
  2 orc warriors
  An ice beast (D:6)
  A sky beast (D:6)
  3 ogres
  3 centaurs
  A phantom (D:4)
  Blork the orc (D:4)
  3 kobold brigands
  5 elf zombies (Ossuary)
  4 bullfrogs
  2 gnoll sergeants
  A scorpion (D:6)
  3 wights (D:9)
  5 howler monkeys (D:9)
  A centaur zombie (Ossuary)
  3 jellies
  3 human zombies (Ossuary)
  4 orc priests
  2 hounds (D:5)
  2 gnoll boudas
  Jessica (D:2)
  2 iguanas
  3 sleepcaps
  Ijyb (D:5)
  Natasha (D:4)
  3 orc wizards
  3 mummies (Ossuary)
  23 gnolls
  8 adders
  A shadow imp (D:5)
  4 white imps
  2 ufetubi (D:6)
  3 adder zombies (Ossuary)
  A worm (D:2)
  A dart slug (D:1)
  18 orcs
  5 endoplasms
  4 giant cockroaches
  9 goblins
  10 hobgoblins
  3 jackals (D:3)
  5 quokkas
  7 ball pythons
  6 bats
  9 frilled lizards
  4 goblin zombies (Ossuary)
  5 hobgoblin zombies (Ossuary)
  6 jackal zombies (Ossuary)
  27 kobolds
  A kobold zombie (Ossuary)
  2 orc zombies (Ossuary)
  5 quokka zombies (Ossuary)
  2 rats
  2 rat zombies (Ossuary)
266 creatures vanquished.

Vanquished Creatures (collateral kills)
  A yak (D:9)
1 creature vanquished.

Grand Total: 267 creatures vanquished

Notes
Turn   | Place    | Note
-------+----------+-------------------------------------------
     0 | D:1      | peepee the Vine Stalker Reaver began the quest for the Orb.
     0 | D:1      | Reached XP level 1. HP: 11/11 MP: 4/4
   207 | D:1      | Reached XP level 2. HP: 14/14 MP: 6/6
   410 | D:1      | Learned a level 2 spell: Momentum Strike
   426 | D:1      | Found a faded altar of an unknown god.
   651 | D:1      | Reached XP level 3. HP: 18/18 MP: 8/8
  1274 | D:2      | Identified the +7 chain mail "Humereer" {Rampage Slay+2}
  1298 | D:2      | Noticed Jessica
  1323 | D:2      | Killed Jessica
  1324 | D:2      | Reached XP level 4. HP: 19/22 MP: 6/9
  1724 | D:2      | Found a runed translucent door.
  1725 | D:2      | Noticed Crazy Yiuf
  2291 | D:3      | Reached XP level 5. HP: 26/26 MP: 11/11
  2306 | D:3      | Noticed a phantom
  2341 | D:3      | Found a glowing golden altar of the Shining One.
  2409 | D:3      | Found a transporter.
  2412 | D:3      | Noticed semem's ghost (amateur NaMo)
  2671 | D:3      | Found a shadowy altar of Dithmenos.
  2671 | D:3      | Found a stormy altar of Qazlal.
  2678 | D:3      | Found a faded altar of an unknown god.
  2683 | D:3      | Found a white marble altar of Elyvilon.
  2689 | D:3      | Found a faded altar of an unknown god.
  2699 | D:3      | Became a worshipper of Qazlal Stormbringer
  2752 | D:4      | Noticed a phantom
  2768 | D:4      | Killed a phantom
  2769 | D:4      | Reached skill level 5 in Conjurations
  2769 | D:4      | Reached XP level 6. HP: 29/30 MP: 9/13
  2837 | D:4      | Found Feoteiwa's Vocational Training.
  3310 | D:4      | Noticed Blork the orc
  3325 | D:4      | Killed Blork the orc
  3326 | D:4      | Reached skill level 5 in Stealth
  3382 | D:4      | Noticed Natasha
  3390 | D:4      | Killed Natasha
  3391 | D:4      | Reached XP level 7. HP: 34/34 MP: 12/14
  3616 | D:5      | Entered Level 5 of the Dungeon
  3666 | D:5      | Reached skill level 5 in Spellcasting
  3805 | D:5      | Identified the +0 hat of Lies {SInv}
  3948 | D:5      | Noticed Grinder
  3958 | D:5      | Paralysed by Grinder for 5 turns
  3964 | D:5      | Paralysed by Grinder for 2 turns
  3989 | D:5      | Noticed Ijyb
  4000 | D:5      | Killed Ijyb
  4021 | D:5      | Found a sand-covered staircase.
  4029 | Ossuary  | Entered an ossuary
  4107 | Ossuary  | Reached * piety under Qazlal
  4192 | Ossuary  | Gained mutation: You have razor-sharp teeth. [Vine Stalker
                  | growth]
  4192 | Ossuary  | Reached XP level 8. HP: 34/39 MP: 16/18
  4244 | Ossuary  | Reached skill level 1 in Armour
  4299 | Ossuary  | Reached skill level 2 in Armour
  4526 | Ossuary  | Reached ** piety under Qazlal
  4561 | Ossuary  | Reached skill level 3 in Armour
  4565 | Ossuary  | Learned a level 3 spell: Hailstorm
  4665 | D:5      | Killed Grinder
  4666 | D:5      | Reached skill level 4 in Armour
  4777 | D:5      | Found a transporter.
  4778 | D:5      | Noticed Zlot's ghost (novice DsSh)
  4779 | D:5      | Found a transporter.
  4779 | D:5      | Identified the +1 dire flail of Qazlal {pain, Contam Str+5
                  | Dex+6}
  5003 | D:6      | Reached skill level 5 in Armour
  5151 | D:6      | Reached XP level 9. HP: 42/42 MP: 18/20
  5450 | D:5      | Found an ancient bone altar of Kikubaaqudgha.
  6202 | D:6      | Found a staircase to the Ecumenical Temple.
  6493 | D:7      | Reached skill level 6 in Armour
  6524 | D:7      | Found Lustol's Jewellery Shoppe.
  6525 | D:7      | Reached *** piety under Qazlal
  6561 | D:7      | Bought a ring of willpower for 350 gold pieces
  6977 | D:7      | Reached skill level 7 in Armour
  7611 | D:8      | Noticed a hornet
  7611 | D:8      | Noticed Joseph
  7616 | D:8      | Killed a hornet
  7617 | D:8      | Reached XP level 10. HP: 42/49 MP: 18/23
  7631 | D:8      | Noticed an orange demon
  7633 | D:8      | Killed Joseph
  7664 | D:8      | Killed an orange demon
  7665 | D:8      | Reached skill level 8 in Armour
  7677 | D:8      | Noticed Amaemon
  7730 | D:8      | Killed Amaemon
  8067 | D:8      | Noticed Jeremiah
  8080 | D:8      | Killed Jeremiah
  8081 | D:8      | Reached skill level 9 in Armour
  8390 | D:9      | Noticed an elephant
  8390 | D:9      | Found a staircase to the Lair.
  8461 | D:9      | Killed an elephant
  8579 | D:9      | Reached skill level 10 in Armour
  8579 | D:9      | Reached skill level 1 in Invocations
  8589 | D:9      | Reached XP level 11. HP: 40/53 MP: 18/24
  8627 | D:9      | Found Zin's Purification Station.
  8629 | D:9      | Found a glowing silver altar of Zin.
  8734 | D:9      | Reached skill level 5 in Invocations
  8886 | D:9      | Found a basalt altar of Yredelemnul.
  8992 | D:9      | Found Nauphin's Antique Weapon Boutique.
  9260 | D:10     | Entered Level 10 of the Dungeon
  9354 | D:10     | Reached skill level 1 in Short Blades
  9389 | D:10     | Reached **** piety under Qazlal
  9455 | D:10     | Learned a level 3 spell: Mephitic Cloud
 10393 | D:11     | Noticed a catoblepas
 10412 | D:11     | Killed a catoblepas
 10632 | D:11     | Found a transporter.
 10634 | D:11     | Found a transporter.
 10635 | D:11     | Found a transporter.
 10636 | D:11     | Found a transporter.
 10640 | D:11     | Noticed Harold
 10655 | D:11     | Killed Harold
 10725 | D:11     | Noticed Nergalle
 10725 | D:11     | Noticed a red ugly thing
 10731 | D:11     | Noticed Fannar
 10732 | D:11     | Slain by a spectral orc warrior

Illustrated notes

Levels and vault maps discovered:
D:1:      minmay_arrival_three_doors, layout_basic,
          chequers_ecumenical_altar_simple
D:2:      layout_basic, minmay_lizard_pond, uniq_jessica,
          uniq_crazy_yiuf_cottage
D:3:      layout_rooms, chequers_temple_overflow_minitemple,
          mainiacjoe_overflow_surrounded_room, gammafunk_ghost_mausoleum
D:4:      layout_loops_ring, kennysheep_doodads, hangedman_decor_lopped,
          nicolae_shop_vocational, uniq_natasha, uniq_blork_the_orc
D:5:      layout_loops_cross, mainiacjoe_overflow_chevrons,
          gammafunk_ghost_smash, chequers_ossuary_entry_cave, uniq_grinder,
          uniq_ijyb
D:6:      layout_rooms, lemuel_temple_firewalk_b, serial_glass, glass_columns_b,
          glass_columns_b
D:7:      layout_loops_ring, serial_shops, nicolae_shop_tiny_waterfront,
          corexii_corridor_pit
D:8:      layout_basic, minmay_misc_feat_hallway, nrook_uturn, uniq_amaemon,
          uniq_joseph, uniq_jeremiah
D:9:      layout_roguey, lemuel_zombie_altar_yredelemnul, zin_purify,
          david_lair_generic, serial_shops, nicolae_diamond_shop,
          minmay_crystal_water, dk_vineyard_2
D:10:     layout_basic, due_unseen_surprise
D:11:     layout_basic, orc_0_dummy, serial_shops, bzr_entry_road,
          kennysheep_little_box, kennysheep_mini_moat, nicolae_shop_stone,
          shop_coins, nicolae_diode_quadrants, uniq_nergalle, uniq_harold,
          uniq_fannar, uniq_snorg

Skill      XL: |  1  2  3  4  5  6  7  8  9 10 11 |
---------------+----------------------------------+-----
Spellcasting   | 3 4 6 8 |  8.0
Conjurations   | 4 5 6 |  6.7
Stealth        | 2 5 |  5.0
Armour         | 5 7 10 | 10.0
Fighting       | 4 |  4.0
Invocations    | 3 6 |  6.3
Short Blades   | 3 |  3.0
Axes           | |  2.8
Dodging        | |  1.7

Action                     |  1- 3 |  4- 6 |  7- 9 | 10-12 || total
---------------------------+-------+-------+-------+-------++-------
  Melee: Hand axe          |    84 |       |       |       ||    84
         Bite              |    19 |    49 |   183 |   121 ||   372
         Dagger            |    26 |   166 |   420 |       ||   612
         Punch             |       |     1 |    10 |     5 ||    16
         Short sword       |       |       |    38 |   300 ||   338
  Throw: Javelin           |       |       |     1 |       ||     1
   Cast: Kiss of Death     |     3 |       |     5 |       ||     8
         Momentum Strike   |       |       |    10 |     1 ||    11
         Hailstorm         |       |       |     3 |       ||     3
         Mephitic Cloud    |       |       |       |     1 ||     1
 Invoke: Upheaval          |       |       |       |     4 ||     4
         Elemental Force   |       |       |       |     1 ||     1
  Evoke: Wand              |       |     4 |    15 |       ||    19
         Condenser vane    |       |       |       |     1 ||     1
    Use: Scroll            |       |       |    11 |     4 ||    15
   Stab: Sleeping          |       |       |     2 |       ||     2
         Confused          |       |       |       |     1 ||     1
 Armour: Leather armour    |    55 |       |   203 |       ||   258
         Chain mail        |       |   120 |   121 |   361 ||   602
  Dodge: Dodged            |    60 |    46 |   243 |   136 ||   485
  Block: Other             |       |       |    50 |    70 ||   120

Table legend: (Time is in decaauts)
 A = Elapsed time spent in this place.
 B = Non-inter-level travel time spent in this place.
 C = Inter-level travel time spent in this place.
 D = Time resting spent in this place.
 E = Time spent auto-exploring this place.
 F = Levels seen in this place.
 G = Mean time per level.
                   A        B        C        D        E       F      G
               +--------+--------+--------+--------+--------+-----+--------+
         Total |  10745 |  10509 |    236 |   1343 |   5515 |  12 |  895.4 |
       Dungeon |  10134 |   9898 |    236 |   1197 |   5498 |  11 |  921.3 |
       Ossuary |    610 |    610 |      0 |    146 |     17 |   1 |  610.0 |
               +--------+--------+--------+--------+--------+-----+--------+

Top non-repeatable levels by time:
     D:2: 1140 daAuts
     D:8: 1124 daAuts
    D:10: 1087 daAuts
     D:5: 1069 daAuts
     D:6: 1020 daAuts
     D:7: 1009 daAuts
     D:1: 1005 daAuts
     D:4: 870 daAuts
     D:9: 816 daAuts
     D:3: 611 daAuts
 Ossuary: 610 daAuts
    D:11: 377 daAuts
